 Dungeon Crawl Stone Soup version 0.31.0-11-ge490571c62 (webtiles) character file.

Game seed: 13370751198724443999

5 KKCryptic the Grasshopper (level 1, 0/19 HPs)
             Began as a Naga Warper on Feb 5, 2024.
             Slain by a dart slug (2 damage)
             ... on level 1 of the Dungeon.
             The game lasted 00:03:09 (164 turns).

KKCryptic the Grasshopper (Naga Warper)              Turns: 164, Time: 00:03:09

Health: 0/19       AC:  1    Str: 13    XL:     1   Next: 80%
Magic:  3/3        EV:  9    Int: 13    God:
Gold:   15         SH:  0    Dex: 10    Spells: 4/4 levels left

rFire   . . .        a - +0 hand axe
rCold   . . .        (no shield)
rNeg    . . .        b - +0 leather armour
rPois   +            (helmet currently unavailable)
rElec   .            (cloak currently unavailable)
rCorr   .            (gloves currently unavailable)
SInv    +            (no barding)
Will    .....        (no amulet)
Stlth   +            (no ring)
HPRegen 0.23/turn    (no ring)
MPRegen 0.08/turn

%: no passive effects
@: beast-form, very slow
A: beast (slay +0), AC +0, large, see invisible, deformed body, poison
resistance, slowness 2, spit poison 1, naga tail 1
a: Spit Poison, Begin Untransformation


You were on level 1 of the Dungeon.
You were a hulking beast.
You visited 1 branch of the dungeon, and saw 1 of its levels.

You collected 15 gold pieces.

Inventory:

Hand Weapons
 a - a +0 hand axe (weapon)
Missiles
 d - 7 darts of dispersal (quivered)
Armour
 b - a +0 leather armour (worn)
Talismans
 e - a beast talisman (active)
Scrolls
 c - a scroll of blinking


   Skills:
 - Level 2.0 Fighting
 + Level 2.2 Axes
 - Level 0.8 Throwing
 - Level 0.7 Armour
 - Level 1.5 Dodging
 - Level 2.0 Spellcasting
 + Level 3.2 Translocations


You had 4 spell levels left.
You didn't know any spells.
Your spell library contained the following spells:

 Spells                   Type           Power      Damage    Failure   Level
 Blink                    Tloc           18%        N/A       13%         2
 Lesser Beckoning         Tloc           18%        N/A       13%         2
 Teleport Other           Tloc           9%         N/A       26%         3
 Manifold Assault         Tloc           9%         N/A       65%         4
 Vhi's Electric Charge    Tloc/Air       10%        N/A       86%         4


Dungeon Overview and Level Annotations

Branches:
Dungeon (1/15)

Altars:


Innate Abilities, Weirdness & Mutations

You are a hulking beast.
Your limbs bulge with bestial killing power. (Slay +0)
Your serpentine skin is tough. (AC +0)
You have supernaturally acute eyesight. (SInv)
Armour fits poorly on your strangely shaped body.
Your system is resistant to poisons. (rPois)
You cover ground very slowly.
You can spit poison.
You have a snake-like lower body.


Message History

HP restored.
You see here a beast talisman.
e - a beast talisman You begin transforming.
You continue transforming. x3
You turn into a hulking beast.
You are a hulking beast.
Your movement speed is very slow.
Your attack delay is about 1.1.
Your damage rating with your +0 hand axe is about 8 (Base 7 x 107% (Str) x 107% (Skill)).
Okay, then.
A ball python comes into view.
Found a sling.
A dart slug comes into view.
Found 7 gold pieces and a barding.
The dart slug launches a dart at you. The slug dart misses you.
You barely miss the ball python. The ball python bites you.
The dart slug launches a dart at you. The slug dart hits you.
You barely miss the ball python. The ball python bites you. x2
You barely miss the ball python. The ball python bites you.
The dart slug launches a dart at you. The slug dart hits you.
* * * LOW HITPOINT WARNING * * *
You hit the ball python.
You kill the ball python!
A bat comes into view.
Found a cloak.
The bat moves out of view.
You start resting.
The bat hits you.
* * * LOW HITPOINT WARNING * * *
You barely miss the bat. The bat barely misses you.
The bat hits you but does no damage.
You miss the bat. The bat hits you.
* * * LOW HITPOINT WARNING * * *
The bat attacks as it pursues you! The bat hits you.
* * * LOW HITPOINT WARNING * * *
The bat hits you but does no damage. The dart slug bites you.
* * * LOW HITPOINT WARNING * * *
You hit the dart slug but do no damage. You hit the bat but do no damage.
The bat barely misses you. The dart slug bites you.
You die...

#..
....#...#...#..##
..
##....#...#..###
#..#..### #..###
## #..# ..## #
#.####.....
..$###......#
#..........#...
..#.....h#....#
#...##.#w..#.....
##. #?......#.#.
#. ##.#.#...... .
.. ...#...# ###
#)..[#. .[#..
#....


You could see a dart slug.

Vanquished Creatures
  A dart slug (D:1)
  A quokka (D:1)
  A ball python (D:1)
  A frilled lizard (D:1)
4 creatures vanquished.

Vanquished Creatures (others)
  2 minotaurs (D:1)
  2 octopodes (D:1)
  3 djinn (D:1)
  A formicid (D:1)
  A spriggan (D:1)
  A human (D:1)
  3 demigods (D:1)
  2 kobolds (D:1)
  6 tentacles (D:1)
21 creatures vanquished.

Grand Total: 25 creatures vanquished

Notes
Turn   | Place    | Note
-------+----------+-------------------------------------------
     0 | D:1      | KKCryptic the Naga Warper began the quest for the Orb.
     0 | D:1      | Reached XP level 1. HP: 19/19 MP: 3/3
     2 | D:1      | Noticed a demigod
     2 | D:1      | Noticed a spriggan
     2 | D:1      | Noticed a djinni
     2 | D:1      | Noticed a minotaur
     2 | D:1      | Noticed a demigod
     2 | D:1      | Noticed a djinni
     2 | D:1      | Noticed a kraken
     2 | D:1      | Noticed a formicid
     2 | D:1      | Noticed an octopode
     2 | D:1      | Noticed a human
     2 | D:1      | Noticed a demigod
     2 | D:1      | Noticed a djinni
     2 | D:1      | Noticed an octopode
     2 | D:1      | Noticed a minotaur
     4 | D:1      | Killed a djinni
     4 | D:1      | Killed a djinni
     5 | D:1      | Killed a djinni
     6 | D:1      | Killed a minotaur
     6 | D:1      | Killed an octopode
     7 | D:1      | Killed an octopode
     7 | D:1      | Killed a human
     7 | D:1      | Killed a demigod
     8 | D:1      | Killed a demigod
     9 | D:1      | Killed a demigod
    11 | D:1      | Killed a minotaur
    13 | D:1      | Killed a spriggan
    14 | D:1      | Killed a formicid
   164 | D:1      | Slain by a dart slug

Illustrated notes

Levels and vault maps discovered:
D:1:      nicolae_arrival_kraken_aquarium_b, layout_loops_ring, serial_shops,
          nicolae_shop_tiny_real_fake_doors, hex_medium,
          nicolae_kite_square_tiling_tiny

Action                     || total
---------------------------++-------
  Melee: Hand axe          ||    16
 Armour: Leather armour    ||    18
  Dodge: Dodged            ||     8
   Form: Beast             ||     1
